[Event "Titled Tuesday Blitz May 24 Early 2022"]
[White "Muhammed, Shuaau"]
[Black "Provaznik, Michal"]
[WhiteFideId "16700406"]
[BlackFideId "315273"]
[WhiteElo "1674"]
[BlackElo "2176"]
[Result "1-0"]
[Round "11"]
[TimeControl "180+1"]
[Date "2022.05.25"]
[WhiteClock "0:01:33"]
[BlackClock "0:00:12"]

1. e4 c5 2. Nf3 Nc6 3. Nc3 e6 4. Bb5 Nd4 5. Bc4 a6 6. a4 Ne7 7. O-O d5 8. exd5 exd5 9. Ba2 h6 10. Nxd4 cxd4 11. Ne2 Qb6 12. a5 Qc5 13. d3 g6 14. Bd2 Bg7 15. b4 Qa7 16. Nf4 O-O 17. Nxd5 Nxd5 18. Bxd5 Bd7 19. Qf3 Rab8 20. Bf4 Rbc8 21. Bd6 b5 22. Bxf8 Rxf8 23. Rfe1 Qb8 24. Re7 Bf5 25. g4 Qd6 26. Bxf7+ Rxf7 27. Rxf7 Be6 28. Ra7 Bd5 29. Qe2 Qf4 30. Qe8+ Kh7 31. Qd7 Qe5 32. Qxg7+ Qxg7 33. Rxg7+ Kxg7 34. Re1 Kf7 35. Re5 Ba2 36. Re4 Bb1 37. Rxd4 Bxc2 38. Rd6 h5 39. g5 Bb1 40. Rf6+ Kg7 41. Rxa6 Bxd3 42. Re6 Kf7 43. Rf6+ Ke7 44. a6 Be4 45. a7 Kd7 46. Ra6 Ba8 47. Rb6 Kc7 48. Rb8 Be4 49. a8=Q 1-0


[Site "https://www.chess.com"]

[Event "Titled Tuesday Blitz May 24 Early 2022"]
[White "Nogerbek, Kazybek"]
[Black "Cardoso Cardoso, Jose Gabriel"]
[WhiteFideId "13710427"]
[BlackFideId "4430492"]
[WhiteElo "2441"]
[BlackElo "2485"]
[Result "0-1"]
[Round "11"]
[TimeControl "180+1"]
[Date "2022.05.24"]
[WhiteClock "0:02:18"]
[BlackClock "0:01:32"]

1. Nf3 c5 2. c4 Nc6 3. Nc3 g6 4. g3 Bg7 5. Bg2 d6 6. O-O Nh6 7. d3 Nf5 8. a3 O-O 9. Rb1 a5 10. Bd2 Nfd4 11. Nxd4 cxd4 12. Nb5 a4 13. b4 axb3 14. Qxb3 Bg4 15. Rfe1 Qd7 16. a4 Bh3 17. Na3 Rfb8 18. Nc2 Bxg2 19. Kxg2 h5 20. Qb5 h4 21. a5 h3+ 22. Kg1 Qe6 23. Ra1 Ra6 24. Reb1 Qxe2 25. Rd1 Ne5 26. Ne1 Ng4 0-1


[Site "https://www.chess.com"]

[Event "Titled Tuesday Blitz May 24 Early 2022"]
[White "Nugumanov, Bakhtiyar"]
[Black "Dahlgren, James Allen"]
[WhiteFideId "13701797"]
[BlackFideId "22256873"]
[WhiteElo "2262"]
[BlackElo "2082"]
[Result "1-0"]
[Round "11"]
[TimeControl "180+1"]
[Date "2022.05.25"]
[WhiteClock "0:00:13"]
[BlackClock "0:00:43"]

1. Nf3 e6 2. g3 c5 3. c4 Nf6 4. Bg2 d5 5. O-O Be7 6. cxd5 exd5 7. d4 O-O 8. Nc3 c4 9. Ne5 Nc6 10. Bg5 Be6 11. Qd2 h6 12. Bf4 Nh5 13. Be3 f5 14. Ng6 Rf7 15. Nxe7+ Nxe7 16. Bf4 Qd7 17. e3 b5 18. Ne2 a5 19. b3 Nc6 20. a4 cxb3 21. axb5 Nb4 22. Nc3 Nxf4 23. exf4 Nc2 24. Ra4 Rff8 25. Rb1 Rfc8 26. Rxb3 Nb4 27. Rba3 Rxc3 28. Qxc3 Qxb5 29. Rxb4 axb4 30. Rxa8+ Kh7 31. Qb3 1-0


[Site "https://www.chess.com"]

[Event "Titled Tuesday Blitz May 24 Early 2022"]
[White "Olafsson, Helgi"]
[Black "Janaszak, Dawid"]
[WhiteFideId "2300010"]
[BlackFideId "1119206"]
[WhiteElo "2463"]
[BlackElo "2199"]
[Result "0-1"]
[Round "11"]
[TimeControl "180+1"]
[Date "2022.05.24"]
[WhiteClock "0:00:04"]
[BlackClock "0:00:11"]

1. Nf3 Nf6 2. c4 g6 3. g3 Bg7 4. Bg2 O-O 5. O-O d6 6. Nc3 c5 7. d4 Nc6 8. dxc5 dxc5 9. Bf4 Be6 10. Ne5 Nh5 11. Nxc6 bxc6 12. Be3 Bxc4 13. Qc1 Qa5 14. Bd2 Qa6 15. Re1 Rab8 16. Bf3 Nf6 17. b3 Be6 18. Na4 Nd7 19. Bc3 c4 20. Bxg7 Kxg7 21. Rd1 Ne5 22. Qc3 f6 23. Nc5 Qc8 24. Bg2 Bf7 25. f4 Ng4 26. h3 Nh6 27. bxc4 Rd8 28. g4 Qc7 29. Qe3 Qb6 30. Kf2 Rd6 31. Rab1 Rxd1 32. Rxd1 Rd8 33. Rxd8 Qxd8 34. Bxc6 Qd6 35. Bf3 Bxc4 36. a4 a5 37. Ne4 Qe6 38. Qa7 Nf7 39. Qxa5 Qd7 0-1


[Site "https://www.chess.com"]

[Event "Titled Tuesday Blitz May 24 Early 2022"]
[White "Ovezdurdyyeva, Jemal"]
[Black "Begunov, Konstantin"]
[WhiteFideId "14001888"]
[BlackFideId "4118510"]
[WhiteElo "1946"]
[BlackElo "2262"]
[Result "0-1"]
[Round "11"]
[TimeControl "180+1"]
[Date "2022.05.25"]
[WhiteClock "0:00:01"]
[BlackClock "0:00:09"]

1. e4 c5 2. Nf3 d6 3. d4 cxd4 4. Nxd4 Nf6 5. Nc3 a6 6. Bc4 e6 7. O-O Nbd7 8. Kh1 Nc5 9. Qe2 b5 10. Bb3 Bb7 11. f3 Be7 12. Be3 O-O 13. Rad1 Qc7 14. g4 b4 15. Na4 d5 16. g5 Nfd7 17. exd5 Nxb3 18. d6 Nxd4 19. dxc7 Nxe2 20. Rxd7 Rfe8 21. Nb6 Kf8 22. Nxa8 Bxa8 23. Kg2 e5 24. Re1 Bc6 25. Rd3 Rc8 26. Rxe2 Rxc7 27. c4 e4 28. Rdd2 exf3+ 29. Kf2 fxe2 30. Kxe2 Rd7 31. Rc2 a5 32. b3 Be4 33. Rc1 Ke8 34. h4 Bg6 35. c5 Bh5+ 36. Kf2 Rc7 37. c6 Bg4 38. Bb6 Rc8 39. Bxa5 Be6 40. Ke3 Bd5 41. c7 Kd7 42. Kd4 Bc6 43. Kc4 Bd6 44. Rd1 Ke6 45. Bxb4 Bxc7 46. a4 Be5 47. Bc5 Bd5+ 48. Kb4 Rb8+ 49. Ka5 Rxb3 50. Bb6 Bc3+ 0-1


[Site "https://www.chess.com"]

[Event "Titled Tuesday Blitz May 24 Early 2022"]
[White "Pakleza, Zbigniew"]
[Black "Gabrielian, Artur"]
[WhiteFideId "1119290"]
[BlackFideId "4131002"]
[WhiteElo "2467"]
[BlackElo "2440"]
[Result "1-0"]
[Round "11"]
[TimeControl "180+1"]
[Date "2022.05.24"]
[WhiteClock "0:00:04"]
[BlackClock "0:00:07"]

1. d4 Nf6 2. Nf3 g6 3. Bf4 Bg7 4. e3 O-O 5. Be2 d6 6. h3 b6 7. O-O Bb7 8. c3 Nc6 9. Nbd2 Re8 10. Bh2 e5 11. a4 exd4 12. exd4 a6 13. Re1 Ne7 14. Bc4 Ned5 15. Qb3 Qd7 16. Bd3 Bh6 17. a5 b5 18. c4 bxc4 19. Bxc4 Bc6 20. Rxe8+ Qxe8 21. Re1 Qd7 22. Bg3 Kg7 23. Bh4 Bf4 24. Ne4 Nxe4 25. Rxe4 Qf5 26. Bd3 Qd7 27. Bc4 Qf5 28. Bd3 Qd7 29. Re1 Bh6 30. Bc4 Qf5 31. g4 Qc8 32. Bxd5 Rb8 33. Qc4 Bb5 34. Qc2 Bf4 35. Bg5 c6 36. Ba2 Bxg5 37. Nxg5 d5 38. Qd2 Qd8 39. Qf4 Rb7 40. Qxf7+ Rxf7 41. Ne6+ Kf6 42. Nxd8 Rd7 43. Re6+ Kg5 44. Re8 c5 45. dxc5 d4 46. Bb1 d3 47. Ne6+ Kh4 48. Bxd3 Rxd3 49. Re7 Bc6 50. Rxh7# 1-0


[Site "https://www.chess.com"]

[Event "Titled Tuesday Blitz May 24 Early 2022"]
[White "Papasimakopoulos, Alexandros"]
[Black "Borawski, Jakub"]
[WhiteFideId "4244125"]
[BlackFideId "1143000"]
[WhiteElo "2340"]
[BlackElo "2020"]
[Result "1-0"]
[Round "11"]
[TimeControl "180+1"]
[Date "2022.05.25"]
[WhiteClock "0:00:56"]
[BlackClock "0:00:02"]

1. d4 Nf6 2. c4 e6 3. Nc3 Bb4 4. Qc2 b6 5. a3 Bxc3+ 6. Qxc3 Bb7 7. f3 d6 8. e4 Nbd7 9. Be3 c5 10. d5 O-O 11. Bd3 exd5 12. cxd5 a6 13. a4 Re8 14. Qd2 Ne5 15. Ne2 Nxd3+ 16. Qxd3 b5 17. O-O b4 18. a5 Qe7 19. Ng3 Nxd5 20. Nf5 Qe5 21. exd5 c4 22. Qd2 Qxf5 23. Bf2 b3 24. Rfd1 Re5 25. Qb4 Bxd5 26. Qxd6 Qe6 27. Bc5 h5 28. Bb4 Re8 29. Qxe6 Bxe6 30. Rd6 Bc8 31. Rad1 h4 32. h3 Re2 33. Bc3 f6 34. Rd8 Kf7 35. Rxe8 Kxe8 36. Rd4 Rc2 37. Rxc4 Kd7 38. Rxh4 Bb7 39. Rd4+ Ke6 40. Rb4 Bd5 41. Rb6+ Kf5 42. Rxa6 Kf4 43. Ra7 1-0


[Site "https://www.chess.com"]

[Event "Titled Tuesday Blitz May 24 Early 2022"]
[White "Paravyan, David"]
[Black "Nakamura, Hikaru"]
[WhiteFideId "4194985"]
[BlackFideId "2016192"]
[WhiteElo "2569"]
[BlackElo "2850"]
[Result "1-0"]
[Round "11"]
[TimeControl "180+1"]
[Date "2022.05.24"]
[WhiteClock "0:00:54"]
[BlackClock "0:00:08"]

1. e4 Nf6 2. e5 Nd5 3. d4 d6 4. c4 Nb6 5. f4 Bf5 6. Nc3 dxe5 7. fxe5 e6 8. Be3 Nc6 9. Nf3 Bg4 10. Be2 Bxf3 11. gxf3 Qh4+ 12. Bf2 Qf4 13. c5 Nd5 14. Nxd5 exd5 15. Qd2 Qxd2+ 16. Kxd2 f5 17. exf6 gxf6 18. Bd3 Kf7 19. Kc3 b6 20. b4 a5 21. a3 Bg7 22. Bb5 Nd8 23. Bg3 Ra7 24. Rhe1 h5 25. Bd7 h4 26. Bf4 c6 27. Bf5 b5 28. h3 Bh6 29. Bd6 Bf8 30. Bb8 Rb7 31. Bf4 Ra7 32. Kb3 Bh6 33. Bd6 Bf8 34. Bb8 Rb7 35. Bh2 Bh6 36. Re2 Ra7 37. Rae1 axb4 38. axb4 Rg8 39. Bb8 Rb7 40. Bd6 Bf8 41. Bf4 Re7 42. Rxe7+ Bxe7 43. Bg4 f5 44. Bh5+ Kf6 45. Be5+ Kg5 46. Rg1+ Kxh5 47. Rxg8 Kh6 48. Re8 1-0


[Site "https://www.chess.com"]

[Event "Titled Tuesday Blitz May 24 Early 2022"]
[White "Pesotskiy, Mikhail"]
[Black "Bas Mas, Jose Joaquin"]
[WhiteFideId "34164453"]
[BlackFideId "22219064"]
[WhiteElo "2010"]
[BlackElo "2233"]
[Result "1-0"]
[Round "11"]
[TimeControl "180+1"]
[Date "2022.05.25"]
[WhiteClock "0:00:04"]
[BlackClock "0:01:36"]

1. d4 f5 2. c4 Nf6 3. Nc3 e6 4. g3 Be7 5. Bg2 O-O 6. Nf3 d6 7. O-O a5 8. Re1 Ne4 9. Qc2 Nxc3 10. bxc3 Nc6 11. e4 fxe4 12. Qxe4 d5 13. Qe2 Bf6 14. Bf4 Ra6 15. Ne5 Nxe5 16. Bxe5 c6 17. Bxf6 Qxf6 18. f4 Rb6 19. c5 Ra6 20. Rab1 a4 21. Rb4 a3 22. Reb1 g5 23. Rf1 Qg6 24. fxg5 Rxf1+ 25. Bxf1 Qxg5 26. Rb1 Ra8 27. Bh3 Qg6 28. Re1 Kf7 29. Rf1+ Kg7 30. Qe5+ Kg8 31. Qd6 Qe8 32. Rf4 e5 33. Bxc8 exf4 34. Be6+ Kg7 35. Qe5+ Kh6 36. Qxf4+ Kg7 37. Qe5+ Kh6 38. Qf4+ Kh5 39. h4 Kg6 40. Qg5# 1-0


[Site "https://www.chess.com"]

[Event "Titled Tuesday Blitz May 24 Early 2022"]
[White "Petre, Nad-Titus"]
[Black "Navalgund, Niranjan"]
[WhiteFideId "1204165"]
[BlackFideId "5030854"]
[WhiteElo "2354"]
[BlackElo "2290"]
[Result "1-0"]
[Round "11"]
[TimeControl "180+1"]
[Date "2022.05.25"]
[WhiteClock "0:00:52"]
[BlackClock "0:00:33"]

1. d4 Nf6 2. Bf4 g5 3. Bxg5 Ne4 4. Be3 d5 5. f3 Nd6 6. Nc3 c6 7. Bf2 Qa5 8. e3 Bf5 9. Bd3 Nd7 10. Ne2 Rg8 11. g4 Bxd3 12. cxd3 e5 13. Qd2 O-O-O 14. O-O-O Nb5 15. Nxb5 Qxb5 16. Bg3 Bb4 17. Qc2 f6 18. Kb1 Rde8 19. dxe5 fxe5 20. Qb3 Qa5 21. a3 Bf8 22. Rc1 Bc5 23. Be1 Qc7 24. Bd2 Ref8 25. Rhf1 Bb6 26. Ng3 Kb8 27. Nf5 Ka8 28. Bb4 c5 29. Qxd5 Nf6 30. Qe6 Rg6 31. Qc4 Rc8 32. Bc3 Nd7 33. Ne7 1-0


[Site "https://www.chess.com"]

[Event "Titled Tuesday Blitz May 24 Early 2022"]
[White "Pham, Tran Gia Phuc"]
[Black "Turutin, Alexander"]
[WhiteFideId "12415669"]
[BlackFideId "4180623"]
[WhiteElo "1789"]
[BlackElo "2402"]
[Result "1-0"]
[Round "11"]
[TimeControl "180+1"]
[Date "2022.05.25"]
[WhiteClock "0:01:19"]
[BlackClock "0:00:15"]

1. e4 c6 2. d4 d5 3. f3 g6 4. Nc3 Bg7 5. e5 h5 6. Be3 Nh6 7. Qd2 Nf5 8. Bf2 Be6 9. Nh3 Bh6 10. Ng5 f6 11. exf6 exf6 12. Qe2 Bxg5 13. Qxe6+ Qe7 14. Qxe7+ Kxe7 15. Bd3 Ke6 16. h4 Bf4 17. g4 Ne7 18. Ne2 Bh6 19. Ng3 hxg4 20. fxg4 Nd7 21. O-O Rae8 22. Rae1+ Kf7 23. g5 Bg7 24. Be3 Rxh4 25. gxf6 Bxf6 26. Kg2 Kg7 27. c3 Reh8 28. Bg1 Rg4 29. Be2 Rgh4 30. Bd1 Nf8 31. a4 Ng8 32. Re8 Be7 33. Rb8 b6 34. Rb7 Rh3 35. Rxa7 Ne6 36. Bg4 1-0


[Site "https://www.chess.com"]

[Event "Titled Tuesday Blitz May 24 Early 2022"]
[White "Piesik, Piotr"]
[Black "Pham, Le Thao Nguyen"]
[WhiteFideId "1136194"]
[BlackFideId "12401226"]
[WhiteElo "2190"]
[BlackElo "2271"]
[Result "1-0"]
[Round "11"]
[TimeControl "180+1"]
[Date "2022.05.25"]
[WhiteClock "0:00:03"]
[BlackClock "0:00:07"]

1. Nf3 d5 2. g3 c6 3. Bg2 Bf5 4. O-O e6 5. d3 Nf6 6. Nbd2 Be7 7. Qe1 h6 8. e4 Bh7 9. Qe2 O-O 10. b3 a5 11. a4 Na6 12. Bb2 Nb4 13. Ne1 Qc7 14. Kh1 Rfd8 15. e5 Nd7 16. f4 Nc5 17. Ndf3 b5 18. Nd4 bxa4 19. bxa4 Rdb8 20. Bc3 Nd7 21. f5 Qxe5 22. fxe6 fxe6 23. Qxe5 Nxe5 24. Nxe6 Bd6 25. Nd4 Rf8 26. Kg1 Bc5 27. Bh3 Rxf1+ 28. Kxf1 Rf8+ 29. Kg2 Re8 30. Rd1 Kh8 31. Rd2 Ng4 32. Bxg4 Rxe1 33. Nb3 Rg1+ 34. Kh3 Bb6 35. Re2 Bg6 36. Bxb4 axb4 37. a5 Ba7 38. Re7 Bf2 39. a6 Rb1 40. a7 Bxa7 41. Rxa7 Rb2 42. Nd4 c5 43. Ne6 h5 44. Rxg7 hxg4+ 45. Kxg4 Bh7 46. Kg5 Rxc2 47. h4 Re2 48. Re7 Re5+ 49. Kh6 Bg8 50. Nf4 Bf7 51. Rxf7 Kg8 52. Rf6 c4 53. Ng6 Re8 54. dxc4 dxc4 55. Rc6 c3 56. Nf4 Rb8 57. Nd3 b3 58. Rxc3 b2 59. Nxb2 Rxb2 60. Rc8+ Kf7 61. g4 Rb6+ 62. Kh5 Rb5+ 63. g5 Kg7 64. Rc7+ Kg8 65. Kh6 Rb4 66. Rc8+ Kf7 67. g6+ Ke7 68. h5 Rg4 69. g7 Kf7 70. Rf8+ Ke7 71. g8=Q 1-0


[Site "https://www.chess.com"]

[Event "Titled Tuesday Blitz May 24 Early 2022"]
[White "Piliczewski, Bogusz"]
[Black "Johnson, Ben"]
[WhiteFideId "1104144"]
[BlackFideId "2010917"]
[WhiteElo "1896"]
[BlackElo "2195"]
[Result "1-0"]
[Round "11"]
[TimeControl "180+1"]
[Date "2022.05.25"]
[WhiteClock "0:00:20"]
[BlackClock "0:00:14"]

1. d4 Nf6 2. Nf3 d5 3. Bf4 e6 4. e3 Bd6 5. Ne5 O-O 6. Nd2 Nbd7 7. Bd3 Qe7 8. h4 c5 9. c3 Bb8 10. Qe2 Nxe5 11. dxe5 Nd7 12. Bxh7+ Kxh7 13. Qh5+ Kg8 14. Nf3 Nf6 15. exf6 Qxf6 16. Ng5 Qf5 17. g4 Qc2 18. Bxb8 Rxb8 19. O-O Qg6 20. Qxg6 fxg6 21. f4 b5 22. Nf3 a5 23. g5 b4 24. cxb4 Rxb4 25. b3 Ba6 26. Rfc1 Rc8 27. Ne5 Kh7 28. Kf2 a4 29. Rc3 axb3 30. axb3 Bb5 31. Rac1 c4 32. Nd3 Ra8 33. Nxb4 Ra3 34. bxc4 1-0


[Site "https://www.chess.com"]

[Event "Titled Tuesday Blitz May 24 Early 2022"]
[White "Politov, Pavel Y."]
[Black "Carrasco Miranda, Andres"]
[WhiteFideId "24110515"]
[BlackFideId "3405990"]
[WhiteElo "2090"]
[BlackElo "2177"]
[Result "0-1"]
[Round "11"]
[TimeControl "180+1"]
[Date "2022.05.25"]
[WhiteClock "0:01:03"]
[BlackClock "0:01:09"]

1. e4 c5 2. Nf3 d6 3. d4 cxd4 4. Nxd4 Nf6 5. Nc3 a6 6. Bg5 Nbd7 7. f4 Qc7 8. Qf3 h6 9. Bh4 g5 10. fxg5 hxg5 11. Bxg5 Qc5 12. Be3 Ne5 13. Qe2 Nfg4 14. Nf5 Nxe3 15. Qxe3 Qxe3+ 16. Nxe3 e6 17. Be2 Bd7 18. g3 Rc8 19. Ng4 Nxg4 20. Bxg4 Bg7 21. Kd2 Bh6+ 22. Kd3 b5 23. Ne2 Bg7 24. Nd4 Bxd4 25. Kxd4 e5+ 26. Kd5 Bxg4 27. Kxd6 f6 28. Rhf1 Kf7 29. Rf2 Rhd8# 0-1


[Site "https://www.chess.com"]

[Event "Titled Tuesday Blitz May 24 Early 2022"]
[White "Poltorak, Sebastian"]
[Black "Shipov, Sergei"]
[WhiteFideId "1199498"]
[BlackFideId "4113624"]
[WhiteElo "2066"]
[BlackElo "2799"]
[Result "0-1"]
[Round "11"]
[TimeControl "180+1"]
[Date "2022.05.24"]
[WhiteClock "0:00:04"]
[BlackClock "0:00:19"]

1. e4 e6 2. d4 d5 3. Bd3 dxe4 4. Bxe4 Nf6 5. Bf3 c5 6. Ne2 Nc6 7. Be3 cxd4 8. Nxd4 Ne5 9. Nd2 Nxf3+ 10. Qxf3 a6 11. O-O-O Qd5 12. Qxd5 Nxd5 13. Rhe1 Be7 14. Kb1 f6 15. f4 Kf7 16. N2f3 h5 17. Bc1 Rd8 18. Re2 Bd6 19. g3 Bd7 20. Rde1 Re8 21. c4 Nb4 22. a3 Nc6 23. Be3 Na5 24. Nd2 Rac8 25. Rc1 b5 26. cxb5 Rxc1+ 27. Kxc1 Rc8+ 28. Kb1 axb5 29. b4 Nc4 30. Nxc4 Rxc4 31. Rc2 Rxc2 32. Kxc2 e5 33. Ne2 Ke6 34. Nc3 Kf5 35. fxe5 fxe5 36. Kb3 Kg4 37. a4 bxa4+ 38. Nxa4 Kh3 39. Nb6 Be6+ 40. Nc4 Kxh2 41. Kc3 Bb8 42. b5 Kxg3 43. Na5 h4 44. Nc6 Bd6 45. b6 h3 46. Bg1 Kg2 0-1


[Site "https://www.chess.com"]

[Event "Titled Tuesday Blitz May 24 Early 2022"]
[White "Preotu, Razvan"]
[Black "Pranav, V"]
[WhiteFideId "2613280"]
[BlackFideId "25060783"]
[WhiteElo "2407"]
[BlackElo "2349"]
[Result "0-1"]
[Round "11"]
[TimeControl "180+1"]
[Date "2022.05.24"]
[WhiteClock "0:00:03"]
[BlackClock "0:00:47"]

1. e4 e5 2. Nf3 Nc6 3. Bc4 Nf6 4. d3 h6 5. O-O d6 6. a4 g5 7. a5 a6 8. Re1 Rg8 9. Nc3 g4 10. Nh4 Nh5 11. Nf5 Bxf5 12. exf5 Nd4 13. Nd5 c6 14. Nb6 Rb8 15. c3 Nxf5 16. d4 Qh4 17. dxe5 d5 18. Nxd5 Bc5 19. Ne3 g3 20. hxg3 Nhxg3 21. fxg3 Rxg3 22. Bxf7+ Ke7 23. b4 Rxe3 24. Bxe3 Nxe3 25. Qf3 Ba7 26. Rxe3 Rd8 27. Re1 Qxe1+ 28. Kh2 Qh4+ 29. Qh3 Qf4+ 30. Rg3 Bf2 31. Qe6+ Kf8 32. Qxh6+ Qxh6+ 0-1


[Site "https://www.chess.com"]

[Event "Titled Tuesday Blitz May 24 Early 2022"]
[White "Prokofiev, Valentyn"]
[Black "Bifulco, Michel"]
[WhiteFideId "14160161"]
[BlackFideId "828580"]
[WhiteElo "2174"]
[BlackElo "2165"]
[Result "1-0"]
[Round "11"]
[TimeControl "180+1"]
[Date "2022.05.25"]
[WhiteClock "0:00:49"]
[BlackClock "0:00:04"]

1. d4 Nf6 2. c4 g6 3. Nc3 Bg7 4. e4 d6 5. Nf3 O-O 6. Be2 e5 7. O-O Nc6 8. d5 Ne7 9. b4 a5 10. Ba3 axb4 11. Bxb4 b6 12. a4 Re8 13. Qb1 c5 14. Ba3 Nh5 15. Qb3 f5 16. Ng5 h6 17. Bxh5 hxg5 18. Bf3 g4 19. Be2 f4 20. Rfb1 Ra6 21. Bc1 Bd7 22. Bd2 Kf7 23. Nb5 Nc8 24. Qd1 Qh4 25. g3 Qh5 26. Nc7 Rh8 27. h4 g5 28. Nxa6 gxh4 29. gxf4 exf4 30. Bxf4 h3 31. Qd3 Bd4 32. Kh2 Bxf2 33. Rf1 Bd4 34. Be5+ Ke8 35. Bxd4 cxd4 36. Qg3 Qh7 37. Bd3 1-0


[Site "https://www.chess.com"]

[Event "Titled Tuesday Blitz May 24 Early 2022"]
[White "Przybylski, Wojciech"]
[Black "Sanchez, Robert"]
[WhiteFideId "1117599"]
[BlackFideId "2034360"]
[WhiteElo "2133"]
[BlackElo "2274"]
[Result "1-0"]
[Round "11"]
[TimeControl "180+1"]
[Date "2022.05.25"]
[WhiteClock "0:00:11"]
[BlackClock "0:00:13"]

1. d4 d5 2. Nf3 c6 3. c4 Nf6 4. Nc3 dxc4 5. a4 Bf5 6. Ne5 e6 7. f3 Bb4 8. e4 Bxe4 9. fxe4 Nxe4 10. Qf3 Qxd4 11. Qxf7+ Kd8 12. Bg5+ Nxg5 13. Rd1 Bxc3+ 14. bxc3 Qxd1+ 15. Kxd1 Nxf7 16. Nxf7+ Ke7 17. Nxh8 Nd7 18. Bxc4 Rxh8 19. Re1 e5 20. Bd3 g6 21. Re3 Kd6 22. Rh3 Nf6 23. Bxg6 e4 24. Rh6 Ke5 25. Bf7 Rf8 26. Bc4 Rb8 27. Kd2 b5 28. axb5 cxb5 29. Bb3 a5 30. g4 a4 31. Bc2 Rd8+ 32. Kc1 e3 33. Rh3 Kf4 34. Bd1 Rxd1+ 35. Kxd1 a3 36. Ke2 a2 37. Rf3+ Kxg4 38. Rf1 Nd5 39. Rg1+ Kf4 40. Kd3 Nxc3 41. Rf1+ Kg4 42. Kxc3 e2 43. Re1 b4+ 44. Kxb4 Kf3 45. Kc3 h5 46. h4 Kg4 47. Kd2 Kxh4 48. Kxe2 Kg3 49. Rg1+ Kh2 50. Kf2 h4 51. Ra1 1-0


[Site "https://www.chess.com"]

[Event "Titled Tuesday Blitz May 24 Early 2022"]
[White "Quirke, Jeffrey"]
[Black "Shton, Roman"]
[WhiteFideId "2013029"]
[BlackFideId "14137461"]
[WhiteElo "2236"]
[BlackElo "2013"]
[Result "1-0"]
[Round "11"]
[TimeControl "180+1"]
[Date "2022.05.25"]
[WhiteClock "0:02:16"]
[BlackClock "0:02:11"]

1. e4 Nf6 2. e5 Nd5 3. d4 d6 4. exd6 cxd6 5. Nf3 g6 6. Be2 Bg7 7. O-O O-O 8. Re1 Nc6 9. c3 Bd7 10. Nbd2 Rc8 11. Nf1 e5 12. dxe5 Be6 13. exd6 Qxd6 14. c4 1-0


[Site "https://www.chess.com"]

[Event "Titled Tuesday Blitz May 24 Early 2022"]
[White "Rahman, Adel"]
[Black "Agasarov, Benik"]
[WhiteFideId "14204177"]
[BlackFideId "13314823"]
[WhiteElo "2175"]
[BlackElo "2583"]
[Result "0-1"]
[Round "11"]
[TimeControl "180+1"]
[Date "2022.05.25"]
[WhiteClock "0:01:01"]
[BlackClock "0:02:12"]

1. e4 e5 2. Nf3 Nc6 3. d4 exd4 4. Nxd4 Nf6 5. Nxc6 bxc6 6. e5 Qe7 7. Qe2 Nd5 8. h4 d6 9. exd6 cxd6 10. a3 Bg4 11. f3 Be6 12. Bd2 g6 13. Nc3 Bg7 14. Nxd5 Bxd5 15. Qxe7+ Kxe7 16. O-O-O Rhb8 17. Bg5+ Kd7 18. b4 a5 19. c4 Be6 20. Bf4 Bf8 21. b5 cxb5 22. cxb5 Rc8+ 23. Kb1 Bf5+ 24. Bd3 Rab8 25. a4 Rc4 26. Bxf5+ gxf5 27. Be3 Rxa4 28. b6 f4 29. Bf2 Rc8 30. Rd5 Rb4+ 0-1


[Site "https://www.chess.com"]

[Event "Titled Tuesday Blitz May 24 Early 2022"]
[White "Ramirez Vido, Robert Yorisan"]
[Black "Kucuksari, Kaan"]
[WhiteFideId "3513823"]
[BlackFideId "6380166"]
[WhiteElo "2370"]
[BlackElo "2305"]
[Result "0-1"]
[Round "11"]
[TimeControl "180+1"]
[Date "2022.05.25"]
[WhiteClock "0:00:02"]
[BlackClock "0:02:16"]

1. g3 e5 2. Bg2 d5 3. d3 Nf6 4. Nf3 Bd6 5. O-O O-O 6. Bg5 h6 7. Bxf6 Qxf6 8. Nc3 c6 9. e4 d4 10. Ne2 Bg4 11. Nd2 c5 12. f3 Be6 13. f4 Nc6 14. fxe5 Qxe5 15. Nf3 Qf6 16. Nfxd4 Qe7 17. Nf5 Bxf5 18. Rxf5 Be5 19. Nc3 Bd4+ 20. Kh1 Bxc3 21. bxc3 Rad8 22. Rb1 b6 23. Qf3 Ne5 24. Qf4 Ng6 25. Qf2 c4 26. d4 Qa3 27. Rf1 Qxc3 28. Rxf7 Kh7 29. d5 Rxf7 30. Qxf7 Rf8 31. Qd7 Rxf1+ 32. Bxf1 Qf3+ 33. Kg1 Qe3+ 34. Kh1 Qxe4+ 35. Kg1 Qe3+ 36. Kh1 Qe4+ 37. Kg1 Qd4+ 38. Kh1 Qf2 39. Bxc4 Qe1+ 40. Kg2 Qe4+ 41. Kg1 Qxc4 42. d6 Qd4+ 43. Kg2 Qe4+ 44. Kg1 Ne5 45. Qe7 Qe3+ 46. Kf1 Qc1+ 47. Kf2 Qxc2+ 48. Kf1 Qd3+ 49. Kf2 Ng4+ 50. Kg2 Qd2+ 51. Kf3 Nxh2+ 52. Ke4 Ng4 53. Kf3 Nf6 54. Qe5 Qd3+ 55. Kg2 h5 56. Qe7 Qd2+ 57. Kf3 Qd5+ 58. Kf2 Ng4+ 59. Ke1 Ne5 0-1


[Site "https://www.chess.com"]

[Event "Titled Tuesday Blitz May 24 Early 2022"]
[White "Richter, Nils"]
[Black "Samunenkov, Ihor"]
[WhiteFideId "12990809"]
[BlackFideId "14187086"]
[WhiteElo "2243"]
[BlackElo "2409"]
[Result "0-1"]
[Round "11"]
[TimeControl "180+1"]
[Date "2022.05.25"]
[WhiteClock "0:00:36"]
[BlackClock "0:00:50"]

1. c4 c5 2. g3 Nc6 3. Bg2 g6 4. Nc3 Bg7 5. a3 e6 6. b4 Nxb4 7. axb4 cxb4 8. d4 bxc3 9. e3 Ne7 10. Ne2 d5 11. c5 O-O 12. Nxc3 Bd7 13. Bb2 Bc6 14. h4 h5 15. g4 hxg4 16. Qxg4 e5 17. h5 exd4 18. exd4 Qc8 19. Qh4 Nf5 20. Qh2 Nxd4 21. hxg6 fxg6 22. Nxd5 Qe6+ 23. Kd1 Bxd5 24. Bxd4 Qg4+ 25. Kc1 Qxd4 26. Bxd5+ Qxd5 27. Qh7+ Kf7 28. Ra4 Qg5+ 29. f4 Qxc5+ 0-1


[Site "https://www.chess.com"]

[Event "Titled Tuesday Blitz May 24 Early 2022"]
[White "Riehle, Marco"]
[Black "Sismeiro, Miguel"]
[WhiteFideId "12904392"]
[BlackFideId "1950975"]
[WhiteElo "2462"]
[BlackElo "2031"]
[Result "1-0"]
[Round "11"]
[TimeControl "180+1"]
[Date "2022.05.24"]
[WhiteClock "0:01:49"]
[BlackClock "0:00:09"]

1. e4 g6 2. d4 Bg7 3. c4 d6 4. Nc3 Nc6 5. Be3 e5 6. d5 Nce7 7. g4 f5 8. gxf5 gxf5 9. Qh5+ Kf8 10. exf5 Nxf5 11. O-O-O Nf6 12. Qf3 Nxe3 13. Qxe3 Ng4 14. Qe2 Bf5 15. b3 e4 16. Bh3 Bxc3 17. Bxg4 Qg5+ 18. Kc2 Bxg4 19. f3 exf3 20. Nxf3 Qf5+ 21. Rd3 Re8 22. Qf1 Re3 23. Nh4 Rxd3 24. Nxf5 Rf3 25. Ne3 Rxf1 26. Rxf1+ Ke7 27. Kxc3 Bd7 28. Re1 Kd8 29. Rg1 Re8 30. Kd4 c5+ 31. dxc6 bxc6 32. Rg7 c5+ 33. Kd3 Bc6 34. Rxa7 Be4+ 35. Kd2 Rf8 36. Ke2 Rf6 37. Nd5 Rh6 38. Ke3 Bxd5 39. cxd5 Rxh2 40. Kd3 Rh4 41. a4 Rd4+ 42. Kc3 h5 43. Rh7 Rxd5 44. a5 Rd1 45. Kc4 Ra1 46. Kb5 Ke8 47. a6 Kf8 48. a7 Kg8 49. Rb7 h4 50. Rb8+ Kg7 51. a8=Q Rxa8 52. Rxa8 Kg6 53. Ra1 Kg5 54. Kc6 Kg4 55. Kxd6 Kg3 56. Kxc5 h3 57. b4 h2 58. b5 Kg2 59. b6 h1=Q 60. Rxh1 1-0


[Site "https://www.chess.com"]

[Event "Titled Tuesday Blitz May 24 Early 2022"]
[White "Rios Escobar, Adan"]
[Black "Fernandez Barrera, Victor"]
[WhiteFideId "3403645"]
[BlackFideId "2261529"]
[WhiteElo "2455"]
[BlackElo "2189"]
[Result "1-0"]
[Round "11"]
[TimeControl "180+1"]
[Date "2022.05.25"]
[WhiteClock "0:00:53"]
[BlackClock "0:02:23"]

1. d4 Nf6 2. g3 e6 3. c4 d5 4. Nf3 Be7 5. Bg2 O-O 6. O-O dxc4 7. Qc2 b5 8. a4 b4 9. Bg5 Ba6 10. Bxf6 Bxf6 11. Ng5 Bxg5 12. Bxa8 c6 13. Rd1 Qb6 14. Qe4 Rc8 15. Nd2 Nd7 16. Nf3 Bf6 17. Ne5 Qc7 18. Bxc6 Qxc6 19. Nxc6 Rxc6 20. Qxc6 1-0


[Site "https://www.chess.com"]